 Dungeon Crawl Stone Soup version 0.27-a0-1060-gcb85b5eba1 (webtiles) character file.

Game seed: 5919082548139412436

102 seba5609 the Magician (level 4, -12/32 HPs)
             Began as a Djinni Fire Elementalist on Apr 21, 2021.
             Killed from afar by Ijyb (16 damage)
             ... with an iceblast
             ... on level 3 of the Dungeon.
             The game lasted 00:16:21 (2874 turns).

seba5609 the Magician (Djinni Fire Elementalist)    Turns: 2874, Time: 00:16:22

Health: -12/32     AC:  3    Str:  7    XL:     4   Next: 78%
Gold:   69         EV: 13    Int: 17    God:
                   SH:  5    Dex: 14

rFire    + + .     SeeInvis .   c - +1 short sword (elec)
rCold    x . .     Faith    .   (no shield)
rNeg     . . .     Spirit   .   a - +0 robe
rPois    ∞         Reflect  +   (no helmet)
rElec    .         Harm     .   (no cloak)
rCorr    .         Rampage  .   d - +0 pair of gloves
Will     .....                  (boots unavailable)
Stlth    ++........             j - amulet of reflection
HPRegen  0.10/turn              (no ring)
MPRegen  0.00/turn              (no ring)

@: flying
A: fire resistance 2, cold vulnerability 1, float, innate caster, hp casting,
extra vitality 1
a: no special abilities


You were on level 3 of the Dungeon.
You visited 1 branch of the dungeon, and saw 3 of its levels.

You collected 69 gold pieces.

Inventory:

Hand Weapons
 c - a +1 short sword of electrocution (weapon)
Armour
 a - a +0 robe (worn)
 d - a +0 pair of gloves (worn)
Magical Staves
 b - a staff of cold
Jewellery
 j - an amulet of reflection (around neck)
Scrolls
 e - a scroll of immolation {unknown}
 f - a scroll of enchant armour {unknown}
 h - 3 scrolls of identify {unknown}
 i - a scroll of enchant weapon {unknown}
Potions
 g - 2 potions of ambrosia {unknown}
 k - 2 potions of invisibility {unknown}


   Skills:
 + Level 1.6 Fighting
 + Level 1.2 Short Blades
 + Level 3.2 Dodging
 - Level 2.0 Stealth
 + Level 3.3 Spellcasting


You couldn't memorise any spells.
You knew the following spells:

 Your Spells              Type           Power      Damage    Failure   Level
a - Foxfire               Conj/Fire      56%        2x1d6     4%          1
b - Conjure Flame         Conj/Fire      14%        6-21      13%         3
c - Inner Flame           Hex/Fire       14%        N/A       13%         3
d - Sticky Flame          Conj/Fire      14%        2d4       38%         4
e - Fireball              Conj/Fire      7%         3d5       75%         5
f - Corona                Hex            15%        N/A       4%          1
Your spell library was empty.

Dungeon Overview and Level Annotations

Branches:
Dungeon (3/15)

Altars:

Shops:
D:2 *

Annotations:
D:3 Ijyb


Innate Abilities, Weirdness & Mutations

You are immune to poison.
Your flesh is very heat resistant. (rF++)
You are vulnerable to cold. (rC-)
You float through the air rather than walking.
You learn spells naturally, not from books.
Your magical power is your life essence.
You have superior vitality. (+4 HP)


Message History

You miscast Foxfire.
You are very lightly contaminated with residual magic.
Nothing appears to happen.
The foxfire hits Ijyb but does no damage.
There is an escape hatch in the ceiling here.
Your magical contamination has completely faded away.
There is an open door here.
There is a dry fountain here.
Casting: Foxfire (safe; 4% risk of failure)
Confirm with . or Enter, or press ? or * to list all spells.
You conjure some foxfire!
Ijyb zaps a wand.
The mass of ice explodes!
The iceblast engulfs you!
You feel a painful chill! The iceblast engulfs your foxfire! x2
Casting: Foxfire (safe; 4% risk of failure)
Confirm with . or Enter, or press ? or * to list all spells.
You conjure some foxfire!
Casting: Foxfire (safe; 4% risk of failure)
Confirm with . or Enter, or press ? or * to list all spells.
You conjure some foxfire!
The foxfire hits Ijyb but does no damage. x2
Casting: Foxfire (safe; 4% risk of failure)
Confirm with . or Enter, or press ? or * to list all spells.
You conjure some foxfire!
The foxfire hits Ijyb but does no damage. x2
The foxfire hits Ijyb but does no damage. x2
Casting: Foxfire (safe; 4% risk of failure)
Confirm with . or Enter, or press ? or * to list all spells.
You conjure some foxfire!
Your foxfire dissipates!
The foxfire hits Ijyb but does no damage.
Ijyb hits you but does no damage.
There is an open door here.
Ijyb screams, "Get away!"
Ijyb zaps a wand.
The mass of ice explodes!
The iceblast engulfs you!
You feel a painful chill!
* * * LOW HITPOINT WARNING * * *
Ijyb zaps a wand.
The mass of ice explodes!
The iceblast engulfs you!
You feel a painful chill!
Ouch! That really hurt!
You die...

### ##>## #..(#
#.⌠.# #.†)# ##)##
#######'#######
##...##...##...##
#>.⌠..'.⌠g'.@⌠.<#
##...##...##...##
#######'#######
#.#####.##
#.....g#.#
####.##.## #.##.#
#.##<# #.##.#


You could see Ijyb.

Vanquished Creatures
  An orc wizard (D:3)
  2 adders (D:2)
  A worm (D:3)
  2 dart slugs
  3 orcs (D:3)
  3 bats (D:1)
  6 endoplasms
  2 giant cockroaches (D:1)
  4 goblins
  5 hobgoblins
  4 jackals (D:2)
  2 kobolds (D:1)
  4 ball pythons
  4 frilled lizards
  2 rats (D:2)
45 creatures vanquished.

Vanquished Creatures (others)
  116 foxfires
116 creatures vanquished.

Grand Total: 161 creatures vanquished

Notes
Turn   | Place    | Note
-------+----------+-------------------------------------------
     0 | D:1      | seba5609 the Djinni Fire Elementalist began the quest for
                  | the Orb.
     0 | D:1      | Reached XP level 1. HP: 15/15 MP: 0/0
   265 | D:1      | Reached XP level 2. HP: 18/21 MP: 0/0
   444 | D:1      | Found a faded altar of an unknown god.
   812 | D:1      | Reached XP level 3. HP: 12/26 MP: 0/0
   812 | D:1      | Learned a level 1 spell: Corona
  1562 | D:2      | Reached skill level 1 in Fighting
  2126 | D:2      | Reached XP level 4. HP: 31/32 MP: 0/0
  2263 | D:2      | Found Raahulucs's Assorted Antiques.
  2743 | D:3      | Reached skill level 1 in Short Blades
  2849 | D:3      | Noticed Ijyb
  2874 | D:3      | Killed from afar by Ijyb

Illustrated notes

Levels and vault maps discovered:
D:1:      dpeg_arrival_tiny_f, layout_loops_ring,
          shapermc_ecumenical_altar_mp_urbaneastern
D:2:      layout_basic, serial_shops, shop
D:3:      layout_loops_ring, okawaru_trees_2, overflow_temple_1_default,
          grunt_ministairs_5, uniq_grinder, uniq_ijyb

Skill      XL: |  1  2  3  4 |
---------------+-------------+-----
Spellcasting   | 3 |  3.3
Stealth        | 2 |  2.0
Fighting       | 1 |  1.6
Dodging        | 3 |  3.2
Short Blades   | 1 |  1.2

Action                   |  1- 3 |  4- 6 || total
-------------------------+-------+-------++-------
Melee: Short sword       |    14 |     2 ||    16
 Cast: Foxfire           |    64 |    25 ||    89
       Corona            |     2 |       ||     2
Armor: Robe              |     6 |     2 ||     8
Dodge: Dodged            |    17 |     4 ||    21

Table legend: (Time is in decaauts)
 A = Elapsed time spent in this place.
 B = Non-inter-level travel time spent in this place.
 C = Inter-level travel time spent in this place.
 D = Time resting spent in this place.
 E = Time spent auto-exploring this place.
 F = Levels seen in this place.
 G = Mean time per level.
                   A        B        C        D        E       F      G
               +--------+--------+--------+--------+--------+-----+--------+
         Total |   2873 |   2780 |     93 |      6 |   2419 |   3 |  957.7 |
       Dungeon |   2873 |   2780 |     93 |      6 |   2419 |   3 |  957.7 |
               +--------+--------+--------+--------+--------+-----+--------+

Top non-repeatable levels by time:
     D:1: 1386 daAuts
     D:2: 1342 daAuts
     D:3: 145 daAuts
